 Dungeon Crawl Stone Soup version 0.24.0-123-gd5b16e6ec5 (webtiles) character file.

Game seed: 34278421390418393, levelgen mode: deterministic

4901 Bluestream the Fighter (level 10, -1/94 HPs)
             Began as a Minotaur Berserker on Feb 2, 2020.
             Was a High Priest of Trog.
             Slain by a meliai
             ... wielding a +0 war axe
              (2 damage)
             ... on level 8 of the Dungeon.
             The game lasted 00:15:01 (7435 turns).

Bluestream the Fighter (Minotaur Berserker)         Turns: 7435, Time: 00:15:02

Health: -1/94      AC:  8    Str: 28    XL:     10   Next: 27%
Magic:  9/9        EV: 12    Int:  7    God:    Trog [*****.]
Gold:   341        SH: 10    Dex:  9    Spells: 9/9 levels left

rFire    + . .     SeeInvis .   C - +0 flail (protect)
rCold    x . .     Gourm    .   u - +0 shield
rNeg     . . .     Faith    .   q - +0 ring mail
rPois    .         Spirit   .   (helmet restricted)
rElec    +         Reflect  .   s - +0 cloak
rCorr    +         Harm     .   (no gloves)
MR       .....                  (no boots)
Stlth    ..........             (no amulet)
HPRegen  0.25/turn              E - ring of Creativity {Fire rElec Str+2 Int+3}
MPRegen  0.11/turn              y - ring of resist corrosion

@: berserk cooldown
A: retaliatory headbutt, horns 2
a: Berserk, Trog's Hand, Brothers in Arms, Renounce Religion


You were on level 8 of the Dungeon.
You worshipped Trog.
Trog was extremely pleased with you.
You were very hungry.

You visited 1 branch of the dungeon, and saw 8 of its levels.

You collected 341 gold pieces.

Inventory:

Hand Weapons
 a - a +0 mace
 C - a +0 flail of protection (weapon)
Armour
 i - a scarf of cloud immunity
 q - a +0 ring mail (worn)
 s - a +0 cloak (worn)
 u - a +0 shield (worn)
Jewellery
 n - an uncursed ring of wizardry
 y - a ring of resist corrosion (right hand)
 E - the ring of Creativity (left hand) {Fire rElec Str+2 Int+3}
   (You found it on level 6 of the Dungeon)

   [ring of fire]

   It enhances your fire magic.
   It affects your strength (+2).
   It affects your intelligence (+3).
   It protects you from fire.
   It makes you vulnerable to cold.
   It insulates you from electricity.
Wands
 x - a wand of digging (3)
Scrolls
 d - 2 scrolls of identify
 e - 3 scrolls of enchant weapon {unknown}
 g - 6 scrolls of remove curse
 m - 4 scrolls of teleportation {unknown}
 p - a scroll of amnesia
 r - a scroll of enchant armour {unknown}
 t - 3 scrolls of fog
 v - a scroll of immolation
 z - a scroll of holy word
 D - a scroll of brand weapon {unknown}
Potions
 b - a potion of cancellation
 f - 2 potions of brilliance
 h - 5 potions of curing
 j - 3 potions of flight
 k - a potion of ambrosia
 o - a potion of berserk rage
 w - 2 potions of agility
 A - 2 potions of mutation {unknown}
 B - a potion of lignification {unknown}
 F - 2 potions of heal wounds {unknown}
Comestibles
 c - 10 rations


   Skills:
 * Level 10.5 Fighting
 * Level 10.5 Maces & Flails
 + Level 7.5 Armour
 + Level 6.8 Dodging
 + Level 5.5 Shields


You had 9 spell levels left.
You didn't know any spells.
Your spell library was empty.

Dungeon Overview and Level Annotations

Branches:
Dungeon (8/15)             Temple (0/1) D:7
   Lair: D:8-11

Altars:
Cheibriados

Shops:
D:6 (


Innate Abilities, Weirdness & Mutations

You reflexively headbutt those who attack you in melee.
You have a pair of horns on your head.


Message History

* * * LOW HITPOINT WARNING * * *
Deactivating autopickup; reactivate with Ctrl-A.
Something hits you but does no damage.
You feel yourself speed up. Something hits you but does no damage.
Something hits you.
* * * LOW HITPOINT WARNING * * *
As you read the scroll of fog, it crumbles to dust.
The scroll dissolves into smoke.
Something hits you.
* * * LOW HITPOINT WARNING * * *
You block the meliai's attack. x2
The meliai hits you with a +0 war axe.
* * * LOW HITPOINT WARNING * * *
The meliai stings you but does no damage.
As you read the scroll labeled XOEXEZX VINK, it crumbles to dust.
It is a scroll of amnesia.
You feel forgetful for a moment. You block the meliai's attack.
The meliai misses you. The meliai hits you with a +0 war axe.
* * * LOW HITPOINT WARNING * * *
The meliai stings you.
You die...

#...##.D)#.........##.
#.##.#(C[#............
#D###)########..#####.
##.###.##.............
#...###.#.####..###...
#.#§y# .#.####...))...
#§D§#...#.....#.)##...
##§######........##...
#§{y@§.......##.##...
#########....##.##...
#....'.......
#....#..#####
#....#..#.#
#.........#
#.....#.#.#
#.....#.#.#
###+#.#.#.#


You could see a meliai.

Vanquished Creatures
  A very ugly thing (D:8)
  A centaur warrior (D:8)
  The ghost of Winsalot the Conjurer, a novice DgCj (D:6)
  2 hippogriffs (D:8)
  Menkaure (D:5)
  Duvessa (D:4)
  2 sky beasts
  A black bear (D:7)
  3 ice beasts (D:6)
  A centaur (D:3)
  An orc warrior (D:6)
  An ogre (D:4)
  A crocodile (D:8)
  3 bullfrogs
  Dowan (D:4)
  2 scorpions
  A crimson imp (D:6)
  2 bullfrog zombies (D:8)
  2 centaur skeletons
  3 orc priests
  A hound (D:6)
  2 jellies
  A gnoll shaman (D:4)
  Ijyb (D:4)
  Terence (D:2)
  Natasha (thrice) (D:3)
  3 orc wizards
  3 worker ants
  A bullfrog simulacrum (D:6)
  A hound skeleton (D:5)
  Robin (D:2)
  A howler monkey skeleton (D:5)
  11 gnolls
  10 adders
  A shadow imp (D:6)
  A white imp (D:6)
  A howler monkey simulacrum (D:6)
  An adder zombie (D:8)
  2 dart slugs
  An adder simulacrum (D:6)
  2 leopard geckos
  26 orcs
  4 giant cockroaches
  23 goblins
  9 hobgoblins
  4 jackals (D:3)
  6 quokkas
  A ball python (D:3)
  4 bats
  6 frilled lizards
  5 kobolds
  A leopard gecko simulacrum (D:6)
  A leopard gecko zombie (D:7)
  A quokka zombie (D:8)
  7 rats
178 creatures vanquished.

Notes
Turn   | Place    | Note
-------+----------+-------------------------------------------
     0 | D:1      | Bluestream the Minotaur Berserker began the quest for the
                  | Orb.
     0 | D:1      | Reached XP level 1. HP: 19/19 MP: 0/0
   191 | D:1      | Reached XP level 2. HP: 22/27 MP: 1/1
   802 | D:2      | Reached XP level 3. HP: 27/33 MP: 2/2
  1456 | D:2      | Noticed Terence
  1476 | D:2      | Killed Terence
  1476 | D:2      | Reached ** piety under Trog
  1476 | D:2      | Reached XP level 4. HP: 30/41 MP: 3/3
  1773 | D:3      | Noticed Robin
  1780 | D:2      | Killed Robin
  2168 | D:3      | Noticed Natasha
  2562 | D:3      | Killed Natasha
  2562 | D:3      | Reached skill level 5 in Fighting
  2562 | D:3      | Reached XP level 5. HP: 48/48 MP: 4/4
  2858 | D:3      | Reached *** piety under Trog
  2858 | D:3      | Reached skill level 5 in Maces & Flails
  2924 | D:3      | Noticed a centaur
  2930 | D:3      | Killed a centaur
  2930 | D:3      | Noticed Natasha
  2931 | D:3      | Found a faded altar of an unknown god.
  2942 | D:3      | Killed Natasha
  2942 | D:3      | Reached XP level 6. HP: 56/56 MP: 5/5
  3039 | D:3      | Noticed Natasha
  3042 | D:3      | Killed Natasha
  3355 | D:4      | Noticed Duvessa
  3355 | D:4      | Noticed Dowan
  3372 | D:4      | Killed Duvessa
  3380 | D:4      | Killed Dowan
  3380 | D:4      | Reached XP level 7. HP: 42/63 MP: 6/6
  3964 | D:4      | Noticed Ijyb
  3968 | D:4      | Killed Ijyb
  4305 | D:5      | Entered Level 5 of the Dungeon
  4328 | D:5      | Noticed Menkaure
  4341 | D:5      | Killed Menkaure
  4341 | D:5      | Reached skill level 5 in Armour
  4341 | D:5      | Reached skill level 1 in Shields
  4865 | D:6      | Found Gonab's Weapon Shop.
  4972 | D:6      | Reached XP level 8. HP: 68/73 MP: 7/7
  4995 | D:6      | Reached **** piety under Trog
  5369 | D:6      | Noticed Winsalot's ghost (novice DgCj)
  5390 | D:6      | Found a runed translucent gate.
  5390 | D:6      | Found a runed translucent gate.
  5390 | D:6      | Found a runed translucent gate.
  5570 | D:6      | Found a snail-covered altar of Cheibriados.
  5777 | D:6      | Reached skill level 5 in Dodging
  5970 | D:6      | Killed Winsalot's ghost
  5980 | D:6      | Reached XP level 9. HP: 81/82 MP: 8/8
  6003 | D:6      | Got the ring of Creativity {Fire}
  6015 | D:6      | Identified the ring of Creativity {Fire rElec Str+2 Int+3}
                  | (You found it on level 6 of the Dungeon)
  6360 | D:7      | Found a staircase to the Ecumenical Temple.
  6388 | D:7      | Reached ***** piety under Trog
  7006 | D:8      | Received a gift from Trog
  7393 | D:8      | Found a runed translucent door.
  7393 | D:8      | Noticed a red very ugly thing
  7393 | D:8      | Noticed a seven-headed hydra
  7393 | D:8      | Noticed a meliai
  7395 | D:8      | Identified the +11 scimitar of Cataclysm {flame, rN+ Int+2}
  7395 | D:8      | Noticed a centaur warrior
  7395 | D:8      | Noticed a deep elf mage
  7395 | D:8      | Noticed a cyclops
  7412 | D:8      | Killed a red very ugly thing
  7412 | D:8      | Reached skill level 10 in Fighting
  7412 | D:8      | Reached skill level 10 in Maces & Flails
  7412 | D:8      | Reached skill level 5 in Shields
  7412 | D:8      | Reached XP level 10. HP: 73/93 MP: 9/9
  7420 | D:8      | Killed a centaur warrior
  7435 | D:8      | HP: 1/94 [meliai/+0 war axe (4)]
  7435 | D:8      | Slain by a meliai

Levels and vault maps discovered:
D:1:      matt_arrival_los_fun, layout_loops_ring,
          chequers_serial_rivers_micro_a
D:2:      layout_basic, first_ration, uniq_terence
D:3:      layout_rooms, chequers_ecumenical_altar_simple, uniq_robin,
          uniq_natasha
D:4:      layout_basic, uniq_duvessa, uniq_ijyb
D:5:      layout_loops_ring, uniq_menkaure
D:6:      layout_gridville, cheibriados_altar_1, gammafunk_ghost_icy,
          serial_shops, shop
D:7:      layout_loops_ring, minmay_temple_entry_grid
D:8:      minmay_gate_of_8, layout_basic

Skill      XL: |  1  2  3  4  5  6  7  8  9 |
---------------+----------------------------+-----
Maces & Flails | 4 5 6 7 8 10 | 10.5
Fighting       | 4 5 6 7 8 10 | 10.5
Armour         | 3 4 5 6 7 |  7.5
Dodging        | 3 4 5 6 |  6.8
Shields        | 1 3 5 |  5.5

Action                   |  1- 3 |  4- 6 |  7- 9 | 10-12 || total
-------------------------+-------+-------+-------+-------++-------
Melee: Mace              |    69 |    98 |   130 |       ||   297
       Headbutt          |     9 |    19 |    63 |     2 ||    93
       Flail             |       |       |   159 |     8 ||   167
Invok: Berserk           |     1 |     4 |     8 |       ||    13
  Use: Scroll            |       |       |     9 |     3 ||    12
       Potion            |       |       |     1 |       ||     1
 Stab: Distracted        |     1 |       |       |       ||     1
  Eat: Ration            |     1 |       |     2 |       ||     3
       Chunk             |       |     8 |    13 |       ||    21
Armor: Animal skin       |     9 |     6 |       |       ||    15
       Scale mail        |       |    11 |       |       ||    11
       Ring mail         |       |     8 |    98 |     5 ||   111
Dodge: Dodged            |    45 |    52 |   107 |     3 ||   207
Block: Shield            |       |       |    97 |     5 ||   102
